 Dungeon Crawl Stone Soup version 0.30.1-4-g462c640d31 (webtiles) character file.

Game seed: 4778460053552545679

8 growler the Trooper (level 2, 23/23 HPs)
             Began as a Demonspawn Gladiator on Aug 10, 2023.
             Quit the game on level 1 of the Dungeon.
             The game lasted 00:00:37 (283 turns).

growler the Trooper (Demonspawn Gladiator)           Turns: 283, Time: 00:00:38

Health: 23/23      AC:  4    Str: 14    XL:     2   Next: 0%
Magic:  2/2        EV: 12    Int:  9    God:
Gold:   30         SH:  0    Dex: 14    Spells: 1/1 levels left

rFire   . . .        a - +0 war axe
rCold   . . .        (no shield)
rNeg    . . .        b - +0 leather armour
rPois   .            c - +0 helmet
rElec   .            (no cloak)
rCorr   .            (no gloves)
SInv    .            (no boots)
Will    .....        (no amulet)
Stlth   +            (no ring)
HPRegen 0.23/turn    (no ring)
MPRegen 0.08/turn

%: no passive effects
@: no status effects
A: demonic guardian 1
a: no special abilities


You were on level 1 of the Dungeon.
You visited 1 branch of the dungeon, and saw 1 of its levels.

You collected 30 gold pieces.

Inventory:

Hand Weapons
 a - a +0 war axe (weapon)
Missiles
 d - 3 throwing nets (quivered)
 e - a javelin
Armour
 b - a +0 leather armour (worn)
 c - a +0 helmet (worn)
Scrolls
 f - a scroll of poison {unknown}
Potions
 g - 2 potions of curing {unknown}
 h - a potion of might {unknown}


   Skills:
 + Level 2.7 Fighting
 - Level 2.6 Axes
 - Level 1.7 Throwing
 - Level 2.6 Dodging


You had one spell level left.
You didn't know any spells.
Your spell library contained the following spells:

 Spells                   Type           Power      Damage    Failure   Level
 Call Canine Familiar     Summ           0%         N/A       83%         3
 Portal Projectile        Hex/Tloc       0%         N/A       83%         3
 Leda's Liquefaction      Hex/Erth       0%         N/A       99%         4


Dungeon Overview and Level Annotations

Branches:
Dungeon (1/15)

Altars:


Innate Abilities, Weirdness & Mutations

A weak demonic guardian rushes to your aid.


Message History

No target in view!
No target in view!
You see here a rat corpse.
Found a short sword.
You now have 25 gold pieces (gained 13).
A giant cockroach comes into view.
Found 5 stones.
Found a dagger.
The giant cockroach misses you.
You hit the giant cockroach.
You kill the giant cockroach!
No target in view!
h - a fuming purple potion You see here 5 stones.
A rat comes into view.
A rat is nearby!
An endoplasm comes into view.
The endoplasm quivers.
Found a dagger.
Found a chain mail.
You slash the rat!
You kill the rat!
The endoplasm freezes you.
You are frozen.
You slash the endoplasm!
You kill the endoplasm!
No target in view!
No target in view!
You see here a rat corpse.
You now have 30 gold pieces (gained 5).
Found an escape hatch in the floor.
A ball python comes into view.
The ball python hisses angrily.
A ball python is nearby!
You slash the ball python!
You kill the ball python!
You have reached level 2!
Your demonic ancestry asserts itself...
You feel the presence of a demonic guardian.
Are you sure you want to abandon this character and quit the game? (Confirm with "yes".)

.. +........#......# ..
.# .. .#........####.###
.. .# ... ........#+# ..
.####.# #..............
...
#.....####...#..........
#.##....................
#..#......#....#........
..†.......#...>.........
~~~.............@##
~........##.##....#
.........##.......######.
.........................
#........................
#.............###........
..#...........# #........
...........##.###........
......)....##....).......


There were no monsters in sight!

Vanquished Creatures
  A ball python (D:1)
  An endoplasm (D:1)
  A giant cockroach (D:1)
  A frilled lizard (D:1)
  A kobold (D:1)
  4 rats (D:1)
9 creatures vanquished.

Notes
Turn   | Place    | Note
-------+----------+-------------------------------------------
     0 | D:1      | growler the Demonspawn Gladiator began the quest for the
                  | Orb.
     0 | D:1      | Reached XP level 1. HP: 16/16 MP: 1/1
   283 | D:1      | Gained mutation: A weak demonic guardian rushes to your
                  | aid. [demonic ancestry]
   283 | D:1      | Reached XP level 2. HP: 23/23 MP: 2/2
   283 | D:1      | Quit the game

Illustrated notes

Levels and vault maps discovered:
D:1:      mrwooster_arrival_statue_2, layout_basic,
          chequers_serial_rivers_micro_c, minmay_fountain_box

Action                     || total
---------------------------++-------
  Melee: War axe           ||    19
 Armour: Leather armour    ||     2
  Dodge: Dodged            ||    15
